| TOP OF THE 1ST |
|
Idaho Falls Chukars batting - Pitching for Everett AquaSox : RHP Mike Watkins
|
|
Pitching: RHP Mike Watkins
|
|
|
Batting: RHB Jon Shonka
|
0-0: Ball 1-0: Swinging Strike 1-1: Swinging Strike 1-2: Ball 2-2: Ball 3-2: Foul Ball, location: 2F 3-2: Strikes out swinging
|
|
Batting: RHB Juan Nieves
|
0-0: Swinging Strike 0-1: Called Strike 0-2: Ball 1-2: Ball 2-2: Ball 3-2: Strikes out looking
|
|
Batting: LHB Vicente Hernandez
|
0-0: Ball 1-0: Called Strike 1-1: Fly out, F7 (Flyball, 7S, EV 86.9 MPH)
|
| Top of the 1st over - 0 runs, 0 hits, 0 errors, 0 left on base; Idaho Falls 0 - Everett 0 |
| BOTTOM OF THE 1ST |
|
Everett AquaSox batting - Pitching for Idaho Falls Chukars : LHP Edwin Longoria
|
|
Pitching: LHP Edwin Longoria
|
|
|
Batting: RHB Tomokazu Sugimoto
|
0-0: Called Strike 0-1: Ball 1-1: Foul Ball, location: 2F 1-2: Foul Ball, location: 2F 1-2: Ball 2-2: SINGLE (Groundball, 56, EV 98.8 MPH) (infield hit)
|
|
Batting: RHB John Vasquez
|
0-0: Fielders Choice at 2nd, 5-4 (Groundball, 56, EV 85.6 MPH)
|
|
Batting: RHB Antonio Oyola
|
0-0: SINGLE (Groundball, 56D, EV 103.1 MPH) John Vasquez to second
|
|
Batting: RHB Bryan Alfaro
|
0-0: Ball 1-0: Fielders Choice at 2nd, 5-4 (Groundball, 5, EV 94.4 MPH) John Vasquez to third
|
|
Batting: RHB Danny Pujols
|
0-0: Foul Ball, location: 2F 0-1: Called Strike 0-2: Ground out 4-3 (Groundball, 4, EV 98.8 MPH)
|
| Bottom of the 1st over - 0 runs, 2 hits, 0 errors, 2 left on base; Idaho Falls 0 - Everett 0 |
| TOP OF THE 2ND |
|
Idaho Falls Chukars batting - Pitching for Everett AquaSox : RHP Mike Watkins
|
|
Batting: LHB Jayden Pelayo
|
0-0: Ball 1-0: Ball 2-0: Ball 3-0: Base on Balls
|
|
Batting: RHB Bill Cranton
|
Balk! Jayden Pelayo to second 0-0: Ball 1-0: Ball 2-0: Ball 3-0: Base on Balls
|
|
Batting: RHB Shura Mogilny
|
0-0: Called Strike 0-1: Ball 1-1: Ball 2-1: Foul Ball, location: 2F 2-2: Strikes out swinging
|
|
Batting: RHB Jason Conner
|
0-0: Called Strike 0-1: Ball 1-1: Ball 2-1: Fielders Choice at 2nd, 6-4 (Groundball, 6, EV 100.0 MPH) Jayden Pelayo to third
|
|
Batting: SHB Gary Woodroffe
|
0-0: Ball 1-0: Foul Ball, location: 2F 1-1: Ball 2-1: Foul Ball, location: 2F 2-2: Strikes out swinging
|
| Top of the 2nd over - 0 runs, 0 hits, 0 errors, 2 left on base; Idaho Falls 0 - Everett 0 |
| BOTTOM OF THE 2ND |
|
Everett AquaSox batting - Pitching for Idaho Falls Chukars : LHP Edwin Longoria
|
|
Batting: SHB Raghnall Ahearne
|
0-0: Ball 1-0: Foul Ball, location: 2F 1-1: Ball 2-1: Ball 3-1: Ground out 4-3 (Groundball, 4, EV 81.2 MPH)
|
|
Batting: RHB Sal Cervantes
|
0-0: Called Strike 0-1: Swinging Strike 0-2: Ball 1-2: Strikes out looking
|
|
Batting: SHB Tony Morales
|
0-0: Ball 1-0: DOUBLE (Flyball, 8LXD, EV 96.2 MPH)
|
|
Batting: RHB Egidius Kruger
|
0-0: Called Strike 0-1: Swinging Strike 0-2: TRIPLE (Flyball, 9LD, EV 103.1 MPH) Tony Morales scores
|
|
Batting: RHB Tomokazu Sugimoto
|
0-0: Ball 1-0: Ground out U3 (Groundball, 34S, EV 81.9 MPH)
|
| Bottom of the 2nd over - 1 run, 2 hits, 0 errors, 1 left on base; Idaho Falls 0 - Everett 1 |
| TOP OF THE 3RD |
|
Idaho Falls Chukars batting - Pitching for Everett AquaSox : RHP Mike Watkins
|
|
Batting: RHB Matt Weddle
|
0-0: Swinging Strike 0-1: Foul Ball, location: 2F 0-2: Fly out, F9 (Flyball, 9S, EV 89.4 MPH)
|
|
Batting: RHB Jon Shonka
|
0-0: Foul Ball, location: 2F 0-1: Ball 1-1: Swinging Strike 1-2: Ball 2-2: Strikes out swinging
|
|
Batting: RHB Juan Nieves
|
0-0: Called Strike 0-1: Ball 1-1: Ball 2-1: Ball 3-1: Foul Ball, location: 2F 3-2: Base on Balls
|
|
Batting: LHB Vicente Hernandez
|
0-0: Called Strike 0-1: Ball 1-1: Called Strike 1-2: Ball 2-2: Fly out, F3 (Popup, 3S, EV 84.4 MPH)
|
| Top of the 3rd over - 0 runs, 0 hits, 0 errors, 1 left on base; Idaho Falls 0 - Everett 1 |
| BOTTOM OF THE 3RD |
|
Everett AquaSox batting - Pitching for Idaho Falls Chukars : LHP Edwin Longoria
|
|
Batting: RHB John Vasquez
|
0-0: Called Strike 0-1: Ball 1-1: Foul Ball, location: 2F 1-2: SINGLE (Groundball, 34D, EV 96.2 MPH)
|
|
Batting: RHB Antonio Oyola
|
0-0: Ball 1-0: Ball 2-0: Ball 3-0: Called Strike 3-1: Base on Balls John Vasquez to second
|
|
Batting: RHB Bryan Alfaro
|
0-0: Ball 1-0: Ball 2-0: Swinging Strike 2-1: Swinging Strike 2-2: Foul Ball, location: 2F 2-2: Ground out U3 (Groundball, 34S, EV 71.9 MPH) John Vasquez to third Antonio Oyola to second
|
|
Batting: RHB Danny Pujols
|
0-0: Ball 1-0: Called Strike 1-1: 3-RUN HOME RUN (Flyball, 78XD, EV 99.4 MPH), Distance : 388 ft
|
|
Batting: SHB Raghnall Ahearne
|
0-0: SOLO HOME RUN (Flyball, 7D, EV 96.2 MPH), Distance : 361 ft
|
|
Batting: RHB Sal Cervantes
|
0-0: DOUBLE (Flyball, 8LD, EV 110.6 MPH)
|
|
Batting: SHB Tony Morales
|
0-0: Ball 1-0: Ball 2-0: Ball 3-0: Called Strike 3-1: Called Strike 3-2: Foul Ball, location: 2F 3-2: Strikes out looking
|
|
Pitching: RHP Obiniana Gaters
|
|
|
Batting: RHB Egidius Kruger
|
0-0: Ground out U3 (Groundball, 3S, EV 81.2 MPH)
|
| Bottom of the 3rd over - 4 runs, 4 hits, 0 errors, 1 left on base; Idaho Falls 0 - Everett 5 |
| TOP OF THE 4TH |
|
Idaho Falls Chukars batting - Pitching for Everett AquaSox : RHP Mike Watkins
|
|
Batting: LHB Jayden Pelayo
|
0-0: SOLO HOME RUN (Flyball, 9LD, EV 99.4 MPH), Distance : 379 ft
|
|
Batting: RHB Bill Cranton
|
0-0: Foul Ball, location: 2F 0-1: Ball 1-1: Fly out, F9 (Line Drive, 9, EV 88.8 MPH)
|
|
Batting: RHB Shura Mogilny
|
0-0: Called Strike 0-1: Foul Ball, location: 2F 0-2: Strikes out swinging
|
|
Batting: RHB Jason Conner
|
0-0: Ball 1-0: Called Strike 1-1: Swinging Strike 1-2: Foul Ball, location: 2F 1-2: Ball 2-2: Strikes out swinging
|
| Top of the 4th over - 1 run, 1 hit, 0 errors, 0 left on base; Idaho Falls 1 - Everett 5 |
| BOTTOM OF THE 4TH |
|
Everett AquaSox batting - Pitching for Idaho Falls Chukars : RHP Obiniana Gaters
|
|
Batting: RHB Tomokazu Sugimoto
|
0-0: Swinging Strike 0-1: Ball 1-1: SINGLE (Groundball, P, EV 90.0 MPH) (infield hit)
|
|
Batting: RHB John Vasquez
|
0-0: Ball 1-0: 2-RUN HOME RUN (Flyball, 78XD, EV 104.4 MPH), Distance : 407 ft
|
|
Batting: RHB Antonio Oyola
|
0-0: Ball 1-0: Swinging Strike 1-1: Foul Ball, location: 2F 1-2: Strikes out swinging
|
|
Batting: RHB Bryan Alfaro
|
0-0: Foul Ball, location: 2F 0-1: SINGLE (Groundball, 4MD, EV 96.9 MPH)
|
|
Batting: RHB Danny Pujols
|
0-0: Ball 1-0: Ball Bryan Alfaro steals 2nd base 2-0: Called Strike 2-1: Foul Ball, location: 2F 2-2: Strikes out swinging
|
|
Batting: SHB Raghnall Ahearne
|
0-0: Swinging Strike 0-1: Ball 1-1: Ball 2-1: Called Strike 2-2: Ball 3-2: SINGLE (Groundball, 6MD, EV 100.6 MPH) Bryan Alfaro to third Runner from 3rd tries for Home, SAFE, throw by CF to home Raghnall Ahearne to second
|
|
Batting: RHB Sal Cervantes
|
0-0: Fly out, F8 (Line Drive, 8LD, EV 91.9 MPH)
|
| Bottom of the 4th over - 3 runs, 4 hits, 0 errors, 1 left on base; Idaho Falls 1 - Everett 8 |
| TOP OF THE 5TH |
|
Idaho Falls Chukars batting - Pitching for Everett AquaSox : RHP Mike Watkins
|
|
Batting: SHB Gary Woodroffe
|
0-0: Ball 1-0: Ball 2-0: Called Strike 2-1: Called Strike 2-2: Strikes out looking
|
|
Pitching: RHP Jose Acevedo
|
|
|
Batting: RHB Matt Weddle
|
0-0: Swinging Strike 0-1: Ball 1-1: Ball 2-1: Swinging Strike 2-2: Strikes out looking
|
|
Batting: RHB Jon Shonka
|
0-0: Called Strike 0-1: Swinging Strike 0-2: Ball 1-2: Strikes out swinging
|
| Top of the 5th over - 0 runs, 0 hits, 0 errors, 0 left on base; Idaho Falls 1 - Everett 8 |
| BOTTOM OF THE 5TH |
|
Everett AquaSox batting - Pitching for Idaho Falls Chukars : RHP Obiniana Gaters
|
|
Batting: SHB Tony Morales
|
0-0: Ground out 6-3 (Groundball, 6, EV 103.8 MPH)
|
|
Batting: RHB Egidius Kruger
|
0-0: Ball 1-0: SINGLE (Groundball, 6MD, EV 98.1 MPH)
|
|
Batting: RHB Tomokazu Sugimoto
|
0-0: Ball 1-0: Ball 2-0: Called Strike 2-1: Ball Egidius Kruger is caught stealing 2nd base 2-4 3-1: Ground out 6-3 (Groundball, 6MS, EV 84.4 MPH)
|
| Bottom of the 5th over - 0 runs, 1 hit, 0 errors, 0 left on base; Idaho Falls 1 - Everett 8 |
| TOP OF THE 6TH |
|
Idaho Falls Chukars batting - Pitching for Everett AquaSox : RHP Jose Acevedo
|
|
Batting: RHB Juan Nieves
|
0-0: Ball 1-0: Ground out U3 (Groundball, 34, EV 91.2 MPH)
|
|
Batting: LHB Vicente Hernandez
|
0-0: Ball 1-0: Called Strike 1-1: Ball 2-1: Foul Ball, location: 2F 2-2: Foul Ball, location: 2F 2-2: Strikes out swinging
|
|
Batting: LHB Jayden Pelayo
|
0-0: Called Strike 0-1: Ball 1-1: Foul Ball, location: 2F 1-2: Strikes out swinging
|
| Top of the 6th over - 0 runs, 0 hits, 0 errors, 0 left on base; Idaho Falls 1 - Everett 8 |
| BOTTOM OF THE 6TH |
|
Everett AquaSox batting - Pitching for Idaho Falls Chukars : RHP Obiniana Gaters
|
|
Pitching: RHP Chance Griffin
|
|
|
Batting: RHB John Vasquez
|
0-0: Called Strike 0-1: SINGLE (Groundball, 25, EV 67.5 MPH) (infield hit)
|
|
Batting: RHB Antonio Oyola
|
0-0: Ball 1-0: Called Strike 1-1: Fly out, F9 (Flyball, 89M, EV 89.4 MPH)
|
|
Batting: RHB Bryan Alfaro
|
0-0: Ball John Vasquez steals 2nd base 1-0: Called Strike 1-1: Swinging Strike 1-2: Strikes out swinging
|
|
Batting: RHB Danny Pujols
|
0-0: Called Strike 0-1: Ball 1-1: 2-RUN HOME RUN (Flyball, 7D, EV 92.5 MPH), Distance : 364 ft
|
|
Batting: SHB Raghnall Ahearne
|
0-0: Called Strike 0-1: Ball 1-1: Ball 2-1: Foul Ball, location: 2F 2-2: Ball 3-2: Foul Ball, location: 2F 3-2: Strikes out looking
|
| Bottom of the 6th over - 2 runs, 2 hits, 0 errors, 0 left on base; Idaho Falls 1 - Everett 10 |
| TOP OF THE 7TH |
|
Idaho Falls Chukars batting - Pitching for Everett AquaSox : RHP Jose Acevedo
|
|
Batting: RHB Bill Cranton
|
0-0: Ball 1-0: Called Strike 1-1: Ball 2-1: Foul Ball, location: 2F 2-2: Fly out, F9 (Flyball, 9D, EV 106.9 MPH)
|
|
Batting: RHB Shura Mogilny
|
0-0: Ball 1-0: Ground out 6-3 (Groundball, 6, EV 86.2 MPH)
|
|
Batting: RHB Jason Conner
|
0-0: Ball 1-0: Foul Ball, location: 2F 1-1: Ball 2-1: Swinging Strike 2-2: Strikes out swinging
|
| Top of the 7th over - 0 runs, 0 hits, 0 errors, 0 left on base; Idaho Falls 1 - Everett 10 |
| BOTTOM OF THE 7TH |
|
Everett AquaSox batting - Pitching for Idaho Falls Chukars : RHP Chance Griffin
|
|
Pinch Hitting: RHB Richie Schraven
|
0-0: Ground out 4-3 (Groundball, 34, EV 91.9 MPH)
|
|
Batting: SHB Tony Morales
|
0-0: Called Strike 0-1: Hit by Pitch
|
|
Batting: RHB Egidius Kruger
|
0-0: Swinging Strike 0-1: Called Strike 0-2: Ball 1-2: DOUBLE (Line Drive, 89D, EV 98.1 MPH) Tony Morales to third Runner from 3rd tries for Home, SAFE, no throw by RF
|
|
Batting: RHB Tomokazu Sugimoto
|
0-0: Ground out 5-3 (Groundball, 5, EV 85.6 MPH)
|
|
Pinch Hitting: RHB Rich Justice
|
0-0: Ball 1-0: Ground out 5-3 (Groundball, 56S, EV 85.6 MPH)
|
| Bottom of the 7th over - 1 run, 1 hit, 0 errors, 1 left on base; Idaho Falls 1 - Everett 11 |
| TOP OF THE 8TH |
|
Idaho Falls Chukars batting - Pitching for Everett AquaSox : RHP Jose Acevedo
|
|
Now at 1B: Ivan Davila
|
|
|
Now in RF: Rich Justice
|
|
|
Batting: SHB Gary Woodroffe
|
0-0: Ball 1-0: Called Strike 1-1: Fly out, F7 (Flyball, 78M, EV 88.8 MPH)
|
|
Pinch Hitting: RHB David Rubio
|
0-0: Ball 1-0: Foul Ball, location: 2F 1-1: Foul Ball, location: 2F 1-2: SINGLE (Line Drive, 9LS, EV 99.4 MPH)
|
|
Batting: RHB Jon Shonka
|
0-0: Grounds into double play, 6-4-3 (Groundball, 6, EV 86.2 MPH)
|
| Top of the 8th over - 0 runs, 1 hit, 0 errors, 0 left on base; Idaho Falls 1 - Everett 11 |
| BOTTOM OF THE 8TH |
|
Everett AquaSox batting - Pitching for Idaho Falls Chukars : RHP Chance Griffin
|
|
Now in LF: Danny Jefferies
|
|
|
Batting: RHB Antonio Oyola
|
0-0: Called Strike 0-1: SINGLE (Line Drive, 89S, EV 103.8 MPH)
|
|
Pitching: RHP Victor Maravilla
|
|
|
Batting: RHB Bryan Alfaro
|
0-0: Called Strike 0-1: Ball 1-1: Swinging Strike 1-2: Strikes out swinging
|
|
Batting: RHB Danny Pujols
|
0-0: Ball 1-0: Foul Ball, location: 2F 1-1: Ball 2-1: Swinging Strike Passed Ball! Antonio Oyola to second 2-2: Strikes out looking
|
|
Batting: SHB Raghnall Ahearne
|
0-0: Ball 1-0: Ball 2-0: Swinging Strike 2-1: Ball 3-1: Fly out, F9 (Flyball, 9, EV 84.4 MPH)
|
| Bottom of the 8th over - 0 runs, 1 hit, 0 errors, 1 left on base; Idaho Falls 1 - Everett 11 |
| TOP OF THE 9TH |
|
Idaho Falls Chukars batting - Pitching for Everett AquaSox : RHP Jose Acevedo
|
|
Batting: RHB Juan Nieves
|
0-0: Fly out, F8 (Flyball, 8LD, EV 103.8 MPH)
|
|
Batting: LHB Vicente Hernandez
|
0-0: Swinging Strike 0-1: Ball 1-1: Foul Ball, location: 2F 1-2: Strikes out swinging
|
|
Batting: LHB Jayden Pelayo
|
0-0: Foul Ball, location: 2F 0-1: Called Strike 0-2: Ball 1-2: Strikes out swinging
|
| Top of the 9th over - 0 runs, 0 hits, 0 errors, 0 left on base; Idaho Falls 1 - Everett 11 |
|